 Dungeon Crawl Stone Soup version 0.19.1-28-ge1247f7 (webtiles) character file.

19243 Alarkh the Severer (level 12, -9/86 HPs)
             Began as a Demonspawn Monk on Jan 21, 2017.
             Was a High Priest of Trog.
             Hit by a javelin thrown by Urug (17 damage)
             ... on level 2 of the Lair of Beasts.
             The game lasted 00:23:58 (12979 turns).

Alarkh the Severer (Demonspawn Monk)               Turns: 12979, Time: 00:24:00

Health: -9/86      AC:  7    Str: 11    XL:     12   Next: 34%
Magic:  4/4        EV: 15    Int: 17    God:    Trog [*****.]
Gold:   1178       SH:  0    Dex: 16    Spells: 0 memorised, 11 levels left

rFire  . . .     SeeInvis .     a - +4 battleaxe (antimagic)
rCold  + . .     Gourm    +     x - +1 leather armour {rC+}
rNeg   . . .     Faith    .     (shield currently unavailable)
rPois  .         Spirit   .     N - +1 helmet
rElec  .         Reflect  .     d - +0 cloak {MR+}
rCorr  .         Harm     .     (no gloves)
MR     +....                    (no boots)
Stlth  +++.......               U - amulet of the gourmand
                                (no ring)
                                (no ring)

@: exhausted, about to teleport, slowed, very slow
A: claws 2, nightstalker 1, powered by death 3
a: Berserk, Trog's Hand, Brothers in Arms, Burn Spellbooks, Renounce Religion


You were on level 2 of the Lair of Beasts.
You worshipped Trog.
Trog was extremely pleased with you.
You were not hungry.

You visited 3 branches of the dungeon, and saw 14 of its levels.
You also visited: Ossuary.

You collected 1178 gold pieces.

Inventory:

Hand Weapons
 a - a +4 antimagic battleaxe (weapon)
Armour
 d - a +0 cloak of magic resistance (worn)
 x - a +1 leather armour of cold resistance (worn)
 N - a +1 helmet (worn)
Magical Staves
 V - an uncursed staff of death
Jewellery
 b - an uncursed amulet of rage
 U - an amulet of the gourmand (around neck)
 Y - an uncursed ring of teleportation
Wands
 i - a wand of lightning (9/15)
 q - a wand of paralysis (11/24)
 u - a wand of acid (4/15)
 J - a wand of iceblast (5/15)
Scrolls
 e - a scroll of identify
 f - a scroll of summoning {unknown}
 n - 2 scrolls of recharging
 r - 3 scrolls of fog
 y - 3 scrolls of teleportation
 D - 2 scrolls of fear
 K - a scroll of brand weapon {unknown}
 O - 2 scrolls of remove curse
 P - 5 scrolls of enchant weapon {unknown}
 Z - a scroll of magic mapping
Potions
 h - 4 potions of might
 k - 3 potions of haste
 m - 9 potions of curing
 o - 2 potions of agility
 C - a potion of invisibility
 T - a potion of flight
 W - a potion of resistance {unknown}
Comestibles
 c - 12 bread rations


   Skills:
 + Level 5.6 Fighting
 * Level 16.4 Axes
 + Level 4.1 Armour
 + Level 5.1 Dodging
 - Level 1.7 Stealth


You had 11 spell levels left.
You didn't know any spells.

Dungeon Overview and Level Annotations

Branches:
Dungeon (11/15)            Temple (1/1) D:5            Lair (2/6) D:10
    Orc (0/2) D:11
  Swamp: Lair:2-4    Shoals: Lair:2-4     Snake: Lair:2-4    Spider: Lair:2-4

Altars:
Ashenzari
Cheibriados
Dithmenos
Elyvilon
Fedhas
Gozag
Hepliaklqana
Kikubaaqudgha
Makhleb
Nemelex Xobeh
Okawaru
Qazlal
Ru
Sif Muna
Trog
Uskayaw
Vehumet
Xom
Yredelemnul
Zin
The Shining One
Jiyva

Shops:
D:6 }

Annotations:
Lair:2 Urug


Innate Abilities, Weirdness & Mutations

You have very sharp fingernails.
You are slightly more attuned to the shadows.
You regenerate a lot of health from kills.


Message History

You feel a strong urge to attack something.
You are no longer berserk.
You are exhausted.
You feel yourself slow down.
Urug throws a javelin.
The javelin hits your two-headed ogre!
As you read the scroll of teleportation, it crumbles to dust.
You feel strangely unstable.
Your two-headed ogre barely misses Urug.
Your two-headed ogre hits Urug with a giant spiked club!!
Urug throws a javelin.
The javelin hits your two-headed ogre!!
Your two-headed ogre closely misses Urug.
Your two-headed ogre completely misses Urug.
Okay, then.
Your two-headed ogre barely misses Urug.
Your two-headed ogre hits Urug but does no damage.
Urug hits your two-headed ogre with a scimitar of holy wrath!!
Your two-headed ogre dies!
Your two-headed ogre's corpse disappears in a puff of smoke!
Urug throws a javelin.
The javelin hits you!
You die...

................
..............##.. #..
........^......#...P# ###...
...#.....^...P##....# ......
...[...^....###P...## ......
...##.....#..##P....## ......
...##....#....#.P..#.##......
...#P.................(......
....P...........@...#.#......
....................§o##.....
.........##.P.P.....### .....
.........#..........# #...
###....####..## P.. ##.##
#### ## ##


You could see Urug.

Vanquished Creatures
  Gastronok (D:8)
  Erolcha (D:11)
  A hydra (D:11)
  Erica (D:11)
  The ghost of yogakurto the Basher, a novice DDAr of Elyvilon (D:7)
  Pikel (D:8)
  A hill giant (D:11)
  A cyclops (D:11)
  4 elephants (Lair:1)
  Maurice (D:11)
  A centaur zombie (D:10)
  2 spiny frogs
  2 komodo dragons (Lair:1)
  A hippogriff (D:10)
  Prince Ribbit (D:6)
  A spriggan (D:9)
  2 basilisks (Lair:1)
  12 yaks
  A hungry ghost (D:8)
  Grum (D:8)
  3 water moccasins
  5 porcupines
  6 orc warriors
  4 ice beasts
  3 sky beasts
  2 phantoms (D:11)
  5 ogres
  2 wolves (D:8)
  10 centaurs
  A big kobold (D:10)
  7 bullfrogs
  Blork the orc (D:5)
  3 scorpions
  13 killer bees
  8 wights
  2 howler monkeys (D:7)
  5 crimson imps
  3 hounds
  A quasit (D:8)
  5 jellies
  3 bullfrog skeletons
  6 orc priests
  Jessica (D:2)
  4 iguanas
  7 orc wizards
  6 worker ants
  A killer bee zombie (D:9)
  A hound skeleton (D:4)
  8 mummies (Ossuary)
  3 gnolls (D:10)
  11 adders
  2 river rats (D:10)
  4 shadow imps
  An ooze (D:3)
  5 adder zombies
  2 adder skeletons
  3 worms (D:2)
  3 dart slugs
  9 leopard geckos
  38 orcs
  3 ball pythons
  3 giant cockroaches
  A gnoll zombie (Ossuary)
  7 goblins
  4 hobgoblins
  8 jackals
  7 kobolds
  5 quokkas
  12 bats
  3 frilled lizards
  3 hobgoblin zombies (Ossuary)
  A kobold zombie (Ossuary)
  3 orc zombies (Ossuary)
  A quokka zombie (D:9)
  24 rats
  5 fungi (D:10)
334 creatures vanquished.

Vanquished Creatures (collateral kills)
  The ghost of ReniFell the Severer, a novice HOFi of Makhleb (D:8)
  A spiny frog (Lair:1)
  3 yaks (D:9)
  A big kobold (D:8)
  4 kobolds (D:8)
10 creatures vanquished.

Vanquished Creatures (others)
  A slave (D:8)
  An iguana (D:8)
  A fungus (D:10)
3 creatures vanquished.

Grand Total: 347 creatures vanquished

Notes
Turn   | Place    | Note
-------+----------+-------------------------------------------
     0 | D:1      | Alarkh the Demonspawn Monk began the quest for the Orb.
     0 | D:1      | Reached XP level 1. HP: 18/18 MP: 1/1
    66 | D:1      | Reached skill level 3 in Axes
   196 | D:1      | Gained mutation: You regenerate a little health from kills. [demonic ancestry]
   196 | D:1      | Reached XP level 2. HP: 22/24 MP: 2/2
   709 | D:2      | Reached XP level 3. HP: 14/29 MP: 3/3
   965 | D:2      | Reached skill level 4 in Axes
   992 | D:2      | Found a faded altar of an unknown god.
  1042 | D:2      | Found a sparkling altar of Nemelex Xobeh.
  1042 | D:2      | Noticed Jessica
  1053 | D:2      | Killed Jessica
  1262 | D:2      | Gained mutation: You are slightly more attuned to the shadows. [demonic ancestry]
  1262 | D:2      | Reached XP level 4. HP: 35/35 MP: 4/4
  1356 | D:2      | Noticed a moth of wrath
  1359 | D:2      | Found a bloodstained altar of Trog.
  1425 | D:2      | Became a worshipper of Trog the Wrathful
  1425 | D:2      | Reached * piety under Trog
  1425 | D:2      | Reached ** piety under Trog
  2133 | D:3      | Reached skill level 5 in Axes
  2133 | D:3      | Reached XP level 5. HP: 34/41 MP: 5/5
  2515 | D:3      | Found a blossoming altar of Fedhas.
  2751 | D:4      | Noticed an ogre
  2875 | D:4      | Reached skill level 6 in Axes
  2903 | D:4      | HP: 2/41 [poisoned by a worker ant]
  2911 | D:4      | HP: 1/41 [poisoned by a worker ant]
  3643 | D:4      | Killed an ogre
  3643 | D:4      | Reached XP level 6. HP: 47/47 MP: 6/6
  3770 | D:5      | Entered Level 5 of the Dungeon
  3781 | D:5      | Found a basalt altar of Yredelemnul.
  3856 | D:5      | Found a sand-covered staircase.
  3880 | Ossuary  | Entered an ossuary
  3946 | Ossuary  | Reached *** piety under Trog
  3946 | Ossuary  | Reached skill level 7 in Axes
  4237 | D:5      | Found a staircase to the Ecumenical Temple.
  4246 | Temple   | Entered the Ecumenical Temple
  4400 | D:5      | Noticed an ice beast
  4443 | D:5      | Killed an ice beast
  4443 | D:5      | Gained mutation: You regenerate health from kills. [demonic ancestry]
  4443 | D:5      | Reached XP level 7. HP: 25/52 MP: 7/7
  4619 | D:5      | Reached skill level 8 in Axes
  4740 | D:5      | Noticed Blork the orc
  4781 | D:5      | Killed Blork the orc
  5093 | D:5      | Found a deep blue altar of Sif Muna.
  5115 | D:5      | Gained mutation: Scrolls take you a little longer to read. [potion of mutation]
  5115 | D:5      | Gained mutation: Scrolls take you longer to read. [potion of mutation]
  5115 | D:5      | Gained mutation: You have a pair of small horns on your head. [potion of mutation]
  5132 | D:5      | Identified Sif Muna's Handbook of the Rocks
  5214 | D:6      | Found a radiant altar of Vehumet.
  5220 | D:6      | Gained mutation: You have sharp fingernails. [demonic ancestry]
  5220 | D:6      | Reached XP level 8. HP: 58/58 MP: 8/8
  5228 | D:6      | Reached skill level 9 in Axes
  5449 | D:6      | Found a hide-covered altar of Uskayaw.
  5450 | D:6      | Noticed Prince Ribbit
  5466 | D:6      | Killed Prince Ribbit
  5466 | D:6      | Reached skill level 10 in Axes
  5621 | D:6      | Found Zaocil's Gadget Emporium.
  5879 | D:6      | You fall through a shaft!
  5950 | D:7      | Found a snail-covered altar of Cheibriados.
  5974 | D:7      | Noticed yogakurto's ghost (novice DDAr)
  5992 | D:7      | Killed yogakurto's ghost
  5992 | D:7      | Reached skill level 11 in Axes
  5992 | D:7      | Gained mutation: You regenerate a lot of health from kills. [demonic ancestry]
  5992 | D:7      | Reached XP level 9. HP: 52/63 MP: 9/9
  5993 | D:7      | Reached **** piety under Trog
  6163 | D:7      | Reached skill level 12 in Axes
  6254 | D:6      | Found a glowing golden altar of the Shining One.
  6254 | D:6      | Found an iron altar of Okawaru.
  6274 | D:7      | Lost mutation: Scrolls take you longer to read. [potion of cure mutation]
  6274 | D:7      | Lost mutation: Scrolls take you a little longer to read. [potion of cure mutation]
  6274 | D:7      | Lost mutation: You have a pair of small horns on your head. [potion of cure mutation]
  6385 | D:7      | Found a burning altar of Makhleb.
  6592 | D:8      | Noticed ReniFell's ghost (novice HOFi)
  6605 | D:8      | Killed ReniFell's ghost
  6722 | D:8      | Noticed Grum
  6730 | D:8      | Killed Grum
  6834 | D:8      | Reached skill level 13 in Axes
  6847 | D:8      | Reached XP level 10. HP: 38/70 MP: 10/10
  6915 | D:8      | Noticed Pikel
  6939 | D:8      | Killed Pikel
  7253 | D:8      | Noticed Gastronok
  7281 | D:8      | Killed Gastronok
  7281 | D:8      | Reached skill level 14 in Axes
  7507 | D:9      | Reached ***** piety under Trog
  7659 | D:9      | Reached skill level 15 in Axes
  7659 | D:9      | Gained mutation: You have very sharp fingernails. [demonic ancestry]
  7659 | D:9      | Reached XP level 11. HP: 47/75 MP: 11/11
  7691 | D:9      | Found a glowing silver altar of Zin.
  7717 | D:9      | Found a white marble altar of Elyvilon.
  8147 | D:10     | Entered Level 10 of the Dungeon
  8220 | D:10     | Received a gift from Trog
  8369 | D:10     | Found a staircase to the Lair.
  8647 | D:10     | Reached skill level 1 in Armour
  9632 | D:11     | Noticed a hill giant
  9644 | D:11     | Killed a hill giant
  9743 | D:11     | Found an opulent altar of Gozag.
  9930 | D:11     | Found a staircase to the Orcish Mines.
  9982 | D:11     | Noticed Maurice
  9995 | D:11     | Received a gift from Trog
 10224 | D:11     | Noticed Erica
 10235 | D:11     | Killed Erica
 10252 | D:11     | Reached skill level 16 in Axes
 10431 | D:11     | Noticed a six-headed hydra
 10442 | D:11     | Killed a one-headed hydra
 10736 | D:11     | Noticed Erolcha
 10747 | D:11     | Killed Erolcha
 11126 | D:11     | Found a staircase to the Orcish Mines.
 11208 | D:11     | Found an opulent altar of Gozag.
 11499 | D:11     | Killed Maurice
 11499 | D:11     | Reached XP level 12. HP: 85/85 MP: 4/12
 11577 | Lair:1   | Entered Level 1 of the Lair of Beasts
 11664 | Lair:1   | Reached skill level 5 in Fighting
 12225 | Lair:1   | Reached skill level 5 in Dodging
 12964 | Lair:2   | Noticed Urug
 12979 | Lair:2   | Hit by a javelin thrown by Urug

Skill      XL: |  1  2  3  4  5  6  7  8  9 10 11 12 |
---------------+-------------------------------------+-----
Axes           | 3 4 5 6 7 8 11 13 15 16 | 16.4
Dodging        | 4 5 |  5.1
Armour         | 3 4 |  4.1
Fighting       | 4 5 |  5.6
Stealth        | |  1.7

Action                   |  1- 3 |  4- 6 |  7- 9 | 10-12 || total
-------------------------+-------+-------+-------+-------++-------
Melee: Hand axe          |   111 |   244 |   265 |   244 ||   864
       Headbutt          |       |       |    23 |       ||    23
       Battleaxe         |       |       |       |   362 ||   362
       Scimitar          |       |       |       |     7 ||     7
Invok: Berserk           |       |     7 |     7 |    22 ||    36
       Burn Spellbooks   |       |       |     1 |       ||     1
       Brothers in Arms  |       |       |     1 |     3 ||     4
       Trog's Hand       |       |       |       |     1 ||     1
Evoke: Wand              |       |       |     2 |     1 ||     3
  Use: Scroll            |     3 |    10 |     4 |     4 ||    21
       Potion            |       |     1 |     7 |     4 ||    12
 Stab: Sleeping          |     9 |    14 |     8 |    15 ||    46
       Distracted        |       |       |     1 |     1 ||     2
  Eat: Chunk             |     1 |    13 |    12 |    55 ||    81
       Meat ration       |       |     1 |       |       ||     1
       Beef jerky        |       |     1 |       |       ||     1
Armor: Robe              |    23 |    41 |    17 |       ||    81
       Leather armour    |       |       |    26 |    96 ||   122
Dodge: Dodged            |    91 |   123 |   120 |   278 ||   612
